 Dungeon Crawl Stone Soup version 0.26-a0-639-g72c4674329 (webtiles) character file.

Game seed: 4262008139721314272

18790 Borgoz the Fighter (level 12, -5/80 HPs)
             Began as a Gargoyle Berserker on Sept 19, 2020.
             Was a High Priest of Trog.
             Slain by a vault guard
             ... wielding a +0 war axe
              (12 damage)
             ... on level 13 of the Dungeon.
             The game lasted 00:21:28 (14430 turns).

Borgoz the Fighter (Gargoyle Berserker)            Turns: 14430, Time: 00:21:28

Health: -5/80      AC: 26    Str: 27    XL:     12   Next: 62%
Magic:  12/12      EV: 15    Int:  9    God:    Trog [*****.]
Gold:   882        SH:  5    Dex: 13    Spells: 11/11 levels left

rFire    + . .     SeeInvis +   G - +4 dire flail (vorpal)
rCold    + . .     Faith    .   (shield currently unavailable)
rNeg     + . .     Spirit   .   p - +0 scale mail
rPois    ∞         Reflect  +   x - +2 helmet
rElec    +         Harm     .   z - scarf {rC+ rF+}
rCorr    .         Rampage  .   d - +2 pair of gloves of Time Monsters {rPois}
MR       ++...                  B - +0 pair of boots
Stlth    ..........             b - amulet of reflection
HPRegen  1.23/turn              y - ring of see invisible
MPRegen  0.13/turn              f - +6 ring of strength

@: about to teleport, berserk cooldown, regenerating (expiring), slowed, very
slow
A: negative energy resistance 1, electricity resistance, unbreathing,
petrification resistance, rot immunity, AC +8
a: Berserk, Trog's Hand, Brothers in Arms, Renounce Religion


You were on level 13 of the Dungeon.
You worshipped Trog.
Trog was extremely pleased with you.
You visited 1 branch of the dungeon, and saw 13 of its levels.

You collected 882 gold pieces.

Inventory:

Hand Weapons
 G - a +4 vorpal dire flail (weapon)
Armour
 d - the +2 pair of gloves of Time Monsters (worn) {rPois}
   (You found it on level 7 of the Dungeon)

   It protects you from poison.
 p - a +0 scale mail (worn)
 x - a +2 helmet (worn)
 z - a scarf of resistance (worn)
 B - a +0 pair of boots (worn)
Jewellery
 b - an amulet of reflection (around neck)
 f - a +6 ring of strength (right hand)
 y - a ring of see invisible (left hand)
 A - an uncursed ring of resist corrosion
Wands
 k - a wand of flame (35)
 m - a wand of iceblast (16)
 t - a wand of acid (22)
 D - a wand of digging (3)
 F - a wand of paralysis (19)
Scrolls
 c - 9 scrolls of remove curse
 e - 3 scrolls of teleportation
 h - 2 scrolls of immolation {unknown}
 l - a scroll of enchant armour
 n - 3 scrolls of magic mapping
 o - 4 scrolls of fog
 s - a scroll of enchant weapon
 u - 4 scrolls of blinking {unknown}
Potions
 a - 2 potions of resistance
 g - 2 potions of stabbing
 i - a potion of ambrosia
 j - 4 potions of lignification
 q - a potion of heal wounds
 r - a potion of berserk rage
 w - a potion of haste
 C - 2 potions of curing


   Skills:
 + Level 11.5 Fighting
 + Level 10.7 Maces & Flails
 + Level 11.3 Armour
 + Level 8.9 Dodging


You had 11 spell levels left.
You didn't know any spells.
Your spell library was empty.

Dungeon Overview and Level Annotations

Branches:
Dungeon (13/15)            Temple (0/1) D:6            Lair (0/6) D:10
    Orc (0/2) D:10         Vaults (0/5) D:13

Altars:
Gozag
Qazlal
Sif Muna
Beogh

Shops:
D:4 *


Innate Abilities, Weirdness & Mutations

You are resistant to torment.
Your stone body is resilient. (AC +8)
You are immune to poison.
You resist negative energy. (rN+)
You are resistant to electric shocks. (rElec)
You can survive without breathing.
You are immune to petrification.
You are immune to rotting.


Message History

You assume a fearsome visage.
The centaur warrior looks frightened!
The efreet is unaffected.
The centaur warrior looks frightened!
The vault guard looks frightened!
The vault guard resists with some effort.
The basilisk looks frightened!
You feel the effects of Trog's Hand fading.
The centaur warrior gibbers meaninglessly.
The vault guard hits you with a +0 war axe!
* * * LOW HITPOINT WARNING * * *
As you read the scroll of teleportation, it crumbles to dust.
You feel strangely unstable. The efreet gestures at you.
The bolt of fire hits you! You resist.
* * * LOW HITPOINT WARNING * * *
The vault guard hits you but does no damage.
The efreet hits you but does no damage.
You sock the efreet!
The efreet is almost dead.
The vault guard hits you with a +0 war axe!
You die...

....#
#..............#
...............#
.....##........#
...# ##..######
.# ##......#
##......#
##(......#
##(.......#
#)@..######
.∩....pR.......
...p†#○......c.
.l.#☼##........
.. . ##....... #
# ##......
c##### ..


You could see 2 vault guards, 2 centaur warriors, an efreet and a basilisk
(fleeing).

Vanquished Creatures
  2 vault guards (D:13)
  A centaur warrior (D:13)
  4 two-headed ogres
  2 unseen horrors
  An ugly thing (D:11)
  A centaur zombie (D:12)
  A gargoyle (D:12)
  A rime drake (D:11)
  A kobold demonologist (D:11)
  A komodo dragon (D:10)
  2 trolls
  2 polar bears (D:11)
  5 slime creatures (D:12)
  A hornet (D:13)
  A hippogriff (D:10)
  3 shadows
  A wraith (D:11)
  12 yaks (D:11)
  2 vampire mosquitoes (D:12)
  An acid dragon (D:12)
  2 water moccasins
  9 orc warriors
  3 sky beasts
  3 ice beasts
  An eye of draining (D:10)
  A necrophage (D:12)
  4 ogres
  A phantom (D:12)
  2 wolves (D:11)
  3 centaurs
  2 big kobolds
  7 bullfrogs
  A wyvern zombie (D:6)
  2 scorpions
  A wyvern skeleton (D:9)
  3 killer bees (D:12)
  10 wights
  7 howler monkeys
  2 bullfrog zombies
  6 hounds
  9 orc priests
  6 centaur skeletons
  A jelly (D:12)
  7 bullfrog skeletons
  6 iguanas
  Terence (D:3)
  11 orc wizards
  4 worker ants
  A killer bee zombie (D:5)
  A hound zombie (D:7)
  3 worker ant zombies
  18 gnolls
  10 adders
  2 ufetubi
  An adder skeleton (D:6)
  An adder zombie (D:7)
  A worm (D:2)
  4 dart slugs
  3 leopard geckos
  48 orcs
  4 ball pythons
  10 bats
  8 giant cockroaches
  4 goblins
  4 hobgoblins
  10 jackals
  5 quokkas
  12 kobolds
  2 quokka skeletons
  7 rats
319 creatures vanquished.

Vanquished Creatures (others)
  A yak (D:13)
  A jelly (D:13)
  An orc (D:3)
  4 plants (D:10)
7 creatures vanquished.

Grand Total: 326 creatures vanquished

Notes
Turn   | Place    | Note
-------+----------+-------------------------------------------
     0 | D:1      | Borgoz the Gargoyle Berserker began the quest for the Orb.
     0 | D:1      | Reached XP level 1. HP: 14/14 MP: 1/1
   193 | D:1      | Reached XP level 2. HP: 18/19 MP: 2/2
   647 | D:1      | Reached XP level 3. HP: 22/23 MP: 3/3
  1009 | D:2      | Reached ** piety under Trog
  1105 | D:2      | Reached XP level 4. HP: 21/29 MP: 4/4
  1578 | D:2      | HP: 2/43 [gnoll/+0 halberd (3)]
  1879 | D:3      | Found a stormy altar of Qazlal.
  1999 | D:3      | Noticed Terence
  2017 | D:3      | Killed Terence
  2027 | D:3      | Reached XP level 5. HP: 23/33 MP: 5/5
  2287 | D:2      | Found a shimmering blue altar of Sif Muna.
  2635 | D:3      | Reached XP level 6. HP: 22/39 MP: 6/6
  3713 | D:4      | Reached *** piety under Trog
  3793 | D:4      | Reached skill level 5 in Fighting
  3793 | D:4      | Reached XP level 7. HP: 30/44 MP: 7/7
  3888 | D:4      | Found Gozag's Platinum Reserve.
  3892 | D:4      | Found an opulent altar of Gozag.
  4422 | D:5      | Entered Level 5 of the Dungeon
  4611 | D:5      | Reached skill level 5 in Maces & Flails
  4709 | D:5      | Reached skill level 5 in Armour
  4785 | D:5      | Reached XP level 8. HP: 51/51 MP: 8/8
  4790 | D:5      | Reached **** piety under Trog
  5716 | D:6      | Found a staircase to the Ecumenical Temple.
  6548 | D:7      | Reached XP level 9. HP: 57/57 MP: 9/9
  6684 | D:7      | Reached skill level 5 in Dodging
  7496 | D:7      | Got a pair of jewelled gloves
  7502 | D:7      | Identified the +2 pair of gloves of Time Monsters {rPois}
                  | (You found it on level 7 of the Dungeon)
  8271 | D:8      | Reached ***** piety under Trog
  8271 | D:8      | Reached XP level 10. HP: 64/64 MP: 10/10
  8976 | D:10     | Entered Level 10 of the Dungeon
  9185 | D:10     | Found a staircase to the Lair.
  9458 | D:10     | Noticed an unseen horror
  9467 | D:10     | Noticed a two-headed ogre
  9478 | D:10     | Killed a two-headed ogre
  9480 | D:10     | Killed an unseen horror
  9792 | D:10     | Found a staircase to the Orcish Mines.
 10327 | D:10     | Found a roughly hewn altar of Beogh.
 10595 | D:11     | Noticed a red ugly thing
 10611 | D:11     | Killed a red ugly thing
 10611 | D:11     | Reached XP level 11. HP: 57/71 MP: 11/11
 10758 | D:11     | Noticed a sixfirhy
 11069 | D:11     | Noticed an unseen horror
 11091 | D:11     | Reached skill level 10 in Fighting
 11096 | D:11     | Killed an unseen horror
 11209 | D:11     | Reached skill level 10 in Armour
 13182 | D:12     | Reached skill level 10 in Maces & Flails
 13185 | D:12     | Received a gift from Trog
 13252 | D:12     | Reached XP level 12. HP: 74/79 MP: 12/12
 13499 | D:12     | Noticed a two-headed ogre
 13509 | D:12     | Killed a two-headed ogre
 14346 | D:13     | Noticed a two-headed ogre
 14352 | D:13     | Killed a two-headed ogre
 14393 | D:13     | Noticed a two-headed ogre
 14394 | D:13     | Noticed a vault guard
 14395 | D:13     | Noticed a centaur warrior
 14395 | D:13     | Noticed a vault guard
 14396 | D:13     | Noticed a vault guard
 14396 | D:13     | Noticed a vault guard
 14396 | D:13     | Noticed a centaur warrior
 14396 | D:13     | Noticed a centaur warrior
 14401 | D:13     | Killed a two-headed ogre
 14405 | D:13     | Found a gate to the Vaults.
 14407 | D:13     | Killed a vault guard
 14414 | D:13     | Killed a centaur warrior
 14418 | D:13     | Killed a vault guard
 14430 | D:13     | Slain by a vault guard

Illustrated notes

Levels and vault maps discovered:
D:1:      saegor_arrival_simple_a, layout_loops_cross, chequers_mini_garden,
          minmay_box_of_dots
D:2:      layout_basic, minmay_misc_feat_room, hex_intersection, led_sif_pool
D:3:      cheibrodos_thug_alley, layout_basic, grunt_qazlal_clouds, uniq_terence
D:4:      layout_rooms, chequers_serial_rivers_small_3,
          nicolae_gozag_zags_fifth_avenue
D:5:      layout_gridville
D:6:      layout_cave_pods, minmay_temple_entry_offerings
D:7:      layout_cave_pods, hangedman_abyss_or_decor_passed
D:8:      layout_loops_ring
D:9:      layout_basic
D:10:     layout_basic, david_lair_shrubbed, minmay_orc_entry_temple_small,
          grunt_ministairs_15
D:11:     layout_stronghold, serial_column_ruins, column_ruins_columns_plus,
          column_ruins_open_tiny, column_ruins_grid_1, column_ruins_open_small,
          column_ruins_open_tiny, portal_ice_cave_entry_animals_and_master,
          dk_noncrumbling_3
D:12:     layout_gridville
D:13:     layout_grid_maze, lightli_vaults_fourway_checkpoint,
          minmay_fractal_squares_gapless_5, uniq_kirke

Skill      XL: |  1  2  3  4  5  6  7  8  9 10 11 12 |
---------------+-------------------------------------+-----
Dodging        | 2 3 4 5 7 8 |  8.9
Armour         | 3 4 5 6 7 9 10 11 | 11.3
Fighting       | 4 5 7 8 9 10 11 | 11.5
Maces & Flails | 4 5 6 7 8 10 | 10.7

Action                   |  1- 3 |  4- 6 |  7- 9 | 10-12 || total
-------------------------+-------+-------+-------+-------++-------
Melee: Mace              |   100 |   134 |       |       ||   234
       Flail             |       |    74 |   581 |   464 ||  1119
       Dire flail        |       |       |       |    92 ||    92
Invok: Berserk           |     1 |     3 |    11 |     5 ||    20
       Trog's Hand       |       |       |     2 |     3 ||     5
       Brothers in Arms  |       |       |       |     2 ||     2
Evoke: Wand              |       |       |     4 |       ||     4
  Use: Scroll            |       |     5 |     5 |    12 ||    22
       Potion            |       |     1 |     3 |     2 ||     6
Armor: Animal skin       |    14 |       |       |       ||    14
       Ring mail         |    37 |    73 |       |       ||   110
       Scale mail        |       |     5 |   300 |   309 ||   614
       Skin              |       |     1 |       |       ||     1
Dodge: Dodged            |    76 |   115 |   331 |   379 ||   901
Block: Other             |    11 |    71 |   167 |   134 ||   383
       Reflection        |       |       |     6 |     3 ||     9

Table legend: (Time is in decaauts)
 A = Elapsed time spent in this place.
 B = Non-inter-level travel time spent in this place.
 C = Inter-level travel time spent in this place.
 D = Time resting spent in this place.
 E = Time spent auto-exploring this place.
 F = Levels seen in this place.
 G = Mean time per level.
                   A        B        C        D        E       F      G
               +--------+--------+--------+--------+--------+-----+--------+
         Total |  14674 |  14058 |    616 |   2386 |   8987 |  13 | 1128.8 |
       Dungeon |  14674 |  14058 |    616 |   2386 |   8987 |  13 | 1128.8 |
               +--------+--------+--------+--------+--------+-----+--------+

Top non-repeatable levels by time:
     D:3: 1943 daAuts
    D:11: 1707 daAuts
    D:10: 1613 daAuts
     D:7: 1317 daAuts
    D:12: 1240 daAuts
     D:5: 1068 daAuts
     D:8: 984 daAuts
     D:1: 955 daAuts
     D:6: 941 daAuts
     D:2: 888 daAuts
     D:9: 855 daAuts
     D:4: 776 daAuts
    D:13: 381 daAuts
